 Dungeon Crawl Stone Soup version 0.32-a0-128-g77eb882913 (webtiles) character file.

Game seed: 18099029056941803425

413 Gargoyl the Chopper (level 6, -6/38 HPs)
             Began as a Gargoyle Berserker on Feb 8, 2024.
             Was a Priest of Trog.
             Incinerated by a bombardier beetle (9 damage)
             ... with a burning spray
             ... on level 4 of the Dungeon.
             The game lasted 00:04:01 (3260 turns).

Gargoyl the Chopper (Gargoyle Berserker)            Turns: 3260, Time: 00:04:02

Health: -6/38      AC: 24    Str: 20    XL:     6   Next: 91%
Magic:  6/6        EV:  8    Int:  8    God:    Trog [***...]
Gold:   189        SH:  0    Dex: 11    Spells: 5/5 levels left

rFire   . . .        a - +1 hand axe (protect)
rCold   . . .        (no shield)
rNeg    + . .        n - +0 chain mail
rPois   ∞            c - +0 helmet
rElec   +            (no cloak)
rCorr   .            (no gloves)
SInv    .            h - +1 pair of boots
Will    .....        (no amulet) Stlth
                     (no ring)
HPRegen 0.26/turn    (no ring)
MPRegen 0.10/turn

%: no passive effects
@: on fire, under a protective aura, on berserk cooldown, attractive, slowed,
glowing, studying Dodging, very slow
A: sickness immunity, AC +4, negative energy resistance 1, electricity
resistance, torment resistance 1, petrification resistance
a: Renounce Religion, Berserk, Trog's Hand


You were on level 4 of the Dungeon.
You worshipped Trog.
Trog was most pleased with you.
You visited 1 branch of the dungeon, and saw 4 of its levels.

You collected 189 gold pieces.

Inventory:

Hand Weapons
 a - a +1 hand axe of protection (weapon)
 i - a +0 flail
Missiles
 p - 5 poisoned darts
 r - 2 curare-tipped darts (quivered)
Armour
 c - a +0 helmet (worn)
 h - a +1 pair of boots (worn)
 n - a +0 chain mail (worn)
Wands
 m - a wand of mindburst (15)
 q - a wand of polymorph (7)
Scrolls
 e - a scroll of enchant armour
 j - a scroll of identify
 k - a scroll of fear
 l - a scroll of blinking
 s - a scroll of immolation {unknown}
 t - a scroll of revelation {unknown}
Potions
 b - a potion of mutation {unknown}
 d - a potion of enlightenment {unknown}
 f - a potion of brilliance {unknown}
 g - a potion of attraction
 o - a potion of berserk rage {unknown}


   Skills:
 + Level 4.3 Fighting
 + Level 5.1 Axes
 + Level 3.6 Armour
 + Level 2.6 Dodging
 + Level 1.9 Stealth


You had 5 spell levels left.
You didn't know any spells.
Your spell library was empty.

Dungeon Overview and Level Annotations

Branches:
Dungeon (4/15)
 Temple: D:4-7

Altars:
Ashenzari
Qazlal
Trog
Yredelemnul
The Shining One


Innate Abilities, Weirdness & Mutations

You are immune to sickness and miasma.
Your stone body is resilient. (AC +4)
You are immune to poison.
You resist negative energy. (rN+)
You are resistant to electric shocks. (rElec)
You are resistant to unholy torment.
You are immune to petrification.


Message History

The bombardier beetle is severely wounded.
The liquid fire burns you!
The bombardier beetle closely misses you.
You barely miss the bombardier beetle.
The bombardier beetle is severely wounded.
The liquid fire burns you!
You hit the bombardier beetle.
The bombardier beetle is almost dead.
The liquid fire burns you!
* * * LOW HITPOINT WARNING * * *
The bombardier beetle closely misses you.
Unknown command.
You hit the bombardier beetle.
You kill the bombardier beetle!
Trog accepts your kill. The liquid fire burns you!
* * * LOW HITPOINT WARNING * * *
You shake off some of the fire as you move.
The liquid fire burns you!
* * * LOW HITPOINT WARNING * * *
Unknown command.
You shake off some of the fire as you move.
You feel a strong urge to attack something.
The liquid fire burns you!
* * * LOW HITPOINT WARNING * * *
You shake off some of the fire as you move.
The liquid fire burns you!
* * * LOW HITPOINT WARNING * * *
Unknown command.
You shake off some of the fire as you move.
You feel your anger nearly subside. The liquid fire burns you!
* * * LOW HITPOINT WARNING * * *
You are no longer berserk.
You are exhausted.
You feel yourself slow down.
It was a potion of attraction.
You feel attractive to monsters. The liquid fire burns you!
You die...

...#.........................#...
.............................#...
####.........................#...
...#.........................####
.).)...################..........
...#...#................P........
...#...#..........$..............
...#...#..............#._..^.....
...#...#........@.....# .......
...#...#..............# .......
...#...#..............# .......
####...'..............# .......
.......#############..# .......
.....### ..# +###+## .....# ...
#... .....# .. +... .....# #...


There were no monsters in sight!

Vanquished Creatures
  A scorpion (D:4)
  A bombardier beetle (D:4)
  2 jellies (D:4)
  An iguana (D:4)
  Ijyb (D:4)
  An orc wizard (D:4)
  Natasha (twice) (D:2)
  4 adders
  3 ribbon worms
  2 dart slugs
  6 orcs
  6 endoplasms
  3 giant cockroaches
  13 goblins
  3 hobgoblins
  6 jackals
  6 kobolds
  5 quokkas
  3 ball pythons
  2 bats (D:3)
  8 frilled lizards
  7 rats
86 creatures vanquished.

Notes
Turn   | Place    | Note
-------+----------+-------------------------------------------
     0 | D:1      | Gargoyl the Gargoyle Berserker began the quest for the Orb.
     0 | D:1      | Reached XP level 1. HP: 14/14 MP: 1/1
   146 | D:1      | Reached XP level 2. HP: 19/19 MP: 2/2
   383 | D:1      | Reached skill level 3 in Axes
   921 | D:2      | Reached ** piety under Trog
   930 | D:2      | Reached XP level 3. HP: 18/23 MP: 3/3
   933 | D:2      | Reached skill level 1 in Stealth
   966 | D:2      | Noticed Natasha
   974 | D:2      | Killed Natasha
   975 | D:2      | Reached XP level 4. HP: 29/29 MP: 4/4
  1486 | D:2      | Noticed Natasha
  1495 | D:2      | Killed Natasha
  1496 | D:2      | Reached XP level 5. HP: 23/33 MP: 5/5
  1882 | D:3      | Reached skill level 4 in Axes
  2486 | D:4      | Reached *** piety under Trog
  2521 | D:4      | Reached XP level 6. HP: 27/38 MP: 6/6
  2597 | D:4      | Noticed Ijyb
  2607 | D:4      | Killed Ijyb
  2648 | D:4      | Found a broken altar of Ashenzari.
  2650 | D:4      | Found a bloodstained altar of Trog.
  2937 | D:4      | Reached skill level 5 in Axes
  3004 | D:4      | Found a basalt altar of Yredelemnul.
  3006 | D:4      | Found a stormy altar of Qazlal.
  3010 | D:4      | Found a glowing golden altar of the Shining One.
  3260 | D:4      | Incinerated by a bombardier beetle

Illustrated notes

Levels and vault maps discovered:
D:1:      dpeg_arrival_round_c, layout_basic
D:2:      layout_loops_cross, uniq_natasha
D:3:      layout_loops_ring, grunt_ministairs_5, hex_medium
D:4:      layout_gridville, grunt_temple_overflow_diamond,
          amcnicky_altar_gilded, mainiacjoe_overflow_tiny_flanked,
          gammafunk_ghost_nasty_kobolds, minivault_25, minmay_manual_mullet,
          uniq_ijyb

Skill      XL: |  1  2  3  4  5  6 |
---------------+-------------------+-----
Axes           | 3 4 5 |  5.1
Stealth        | 1 |  1.9
Dodging        | 2 |  2.6
Fighting       | 4 |  4.3
Armour         | 3 |  3.6

Action                     |  1- 3 |  4- 6 || total
---------------------------+-------+-------++-------
  Melee: Hand axe          |    56 |   237 ||   293
         Punch             |     1 |    10 ||    11
 Invoke: Berserk           |     1 |     3 ||     4
    Use: Scroll            |     7 |     1 ||     8
         Potion            |       |     1 ||     1
   Stab: Sleeping          |     1 |       ||     1
 Armour: Animal skin       |    47 |    27 ||    74
         Chain mail        |       |   146 ||   146
  Dodge: Dodged            |    30 |   103 ||   133

Table legend: (Time is in decaauts)
 A = Elapsed time spent in this place.
 B = Non-inter-level travel time spent in this place.
 C = Inter-level travel time spent in this place.
 D = Time resting spent in this place.
 E = Time spent auto-exploring this place.
 F = Levels seen in this place.
 G = Mean time per level.
                   A        B        C        D        E       F      G
               +--------+--------+--------+--------+--------+-----+--------+
         Total |   3350 |   3227 |    123 |      0 |   2346 |   4 |  837.5 |
       Dungeon |   3350 |   3227 |    123 |      0 |   2346 |   4 |  837.5 |
               +--------+--------+--------+--------+--------+-----+--------+

Top non-repeatable levels by time:
     D:4: 896 daAuts
     D:1: 893 daAuts
     D:2: 839 daAuts
     D:3: 721 daAuts
